 Dungeon Crawl Stone Soup version 0.26-a0-949-ga0cc1ef5f6 (webtiles) character file.

Game seed: 1652239412441249930

3483 dolemite99 the Archer (level 9, -13/63 HPs)
             Began as a Demonspawn Berserker on Nov 28, 2020.
             Was a Priest of Trog.
             Mangled by an orc warrior
             ... wielding a +0 glaive
              (21 damage)
             ... in a bailey.
             The game lasted 00:18:04 (8939 turns).

dolemite99 the Archer (Demonspawn Berserker)        Turns: 8939, Time: 00:18:04

Health: -13/63     AC: 12    Str: 21    XL:     9   Next: 79%
Magic:  0/9        EV:  8    Int:  8    God:    Trog [***...]
Gold:   215        SH:  0    Dex: 13    Spells: 8/8 levels left

rFire    . . .     SeeInvis .   a - +2 hand axe
rCold    . . .     Faith    .   (no shield)
rNeg     . . .     Spirit   +   e - +0 chain mail
rPois    .         Reflect  .   (helmet restricted)
rElec    .         Harm     .   s - +0 cloak
rCorr    .         Rampage  .   (no gloves)
MR       ++...                  A - +0 pair of boots
Stlth    ..........             i - amulet of guardian spirit
HPRegen  1.20/turn              (no ring)
MPRegen  0.11/turn              (no ring)

@: mighty, berserk cooldown, flying, regenerating, slowed, very slow
A: antennae 1, powered by death 2, powered by pain 1, sharp scales 2
a: Berserk, Trog's Hand, Renounce Religion


You were in a bailey.
You worshipped Trog.
Trog was most pleased with you.
You visited 1 branch of the dungeon, and saw 7 of its levels.
You also visited: Bailey.

You collected 382 gold pieces.
You spent 167 gold pieces at shops.

Inventory:

Hand Weapons
 a - a +2 hand axe (weapon)
 b - a +1 longbow
Missiles
 g - 41 sling bullets
 j - 314 stones (quivered)
 n - 48 bolts
 w - 6 curare-tipped darts
 x - a throwing net
Armour
 e - a +0 chain mail (worn)
 s - a +0 cloak (worn)
 t - a +0 buckler
 A - a +0 pair of boots (worn)
Jewellery
 i - an amulet of guardian spirit (around neck)
Scrolls
 k - a scroll of fear
 r - 2 scrolls of remove curse {@r2}
 u - a scroll of blinking
 y - 2 scrolls of immolation
Potions
 d - 5 potions of curing
 f - 2 potions of ambrosia
 h - 2 potions of lignification {unknown}
 l - a potion of flight
 m - 2 potions of magic
 o - a potion of berserk rage {unknown}
 p - a potion of brilliance
 q - 4 potions of heal wounds
 v - 2 potions of invisibility
 z - a potion of mutation {unknown}
 B - a potion of degeneration {unknown}
 C - a potion of might {unknown}


   Skills:
 - Level 3.0 Fighting
 - Level 8.1 Axes
 + Level 8.3 Bows
 - Level 5.9 Throwing
 - Level 1.7 Armour
 - Level 1.7 Dodging


You had 8 spell levels left.
You didn't know any spells.
Your spell library was empty.

Dungeon Overview and Level Annotations

Branches:
Dungeon (7/15)             Temple (0/1) D:4          Bailey (1/1)

Altars:
Ashenzari
Cheibriados
Fedhas
Trog
Uskayaw

Shops:
D:4 !*

Annotations:
D:6 exclusion: 2 doors


Innate Abilities, Weirdness & Mutations

You have a pair of small antennae on your head.
You regenerate health from kills.
You sometimes gain a little power by taking damage.
You are mostly covered in razor-sharp scales. (AC +2, Slay +2)


Message History

You are no longer berserk.
You are exhausted.
You feel yourself slow down.
Your Bows skill increases to level 8!
There is an open door here.
You start resting.
An orc warrior is nearby!
An orc warrior is nearby!
An orc warrior is nearby!
An orc warrior is nearby!
An orc warrior is nearby!
Your skin crawls.
You feel resistant to hostile enchantments.
You can no longer call in reinforcements.
The orc warrior hits you with a +0 glaive!
* * * LOW HITPOINT WARNING * * *
You hit the orc warrior.
The orc warrior is lightly wounded.
The orc warrior hits you with a +0 glaive!!
You die...

#.≈≈).##.##.o§§.....≈§.. ##.
##.≈≈..#'#..≈≈...⌠...§≈. #..
#∩.≈≈..#'#..≈≈..⌠∩⌠..≈§. #.)
#.≈≈..## ##..≈≈)....≈≈.. ##.
#.≈..## ##.§≈≈≈≈≈≈§..# ##
#.≈.## ##.........## {{ {#
#.≈)#########'###+############
#.≈.).......o##.....##.).)....
#.≈≈≈≈≈≈≈≈≈≈.@##.∩.##..≈≈≈≈≈≈≈
#..........≈≈).## ##..≈≈......
##########..≈≈.)###..≈≈..#####
##..≈≈.....≈≈..##
##..≈≈≈≈≈≈≈..## ##.........##
###########


You could see an orc warrior.

Vanquished Creatures
  A two-headed ogre (D:6)
  4 orc knights (Bailey)
  An orc warrior (Bailey)
  A black bear (D:7)
  A centaur (D:7)
  3 ogres
  A scorpion (D:6)
  A centaur zombie (D:5)
  2 hounds
  An orc wizard (D:4)
  A bullfrog skeleton (D:4)
  An iguana (D:6)
  3 worker ants
  3 gnolls (D:4)
  12 adders
  A white imp (D:6)
  3 ufetubi
  An adder zombie (D:7)
  2 adder skeletons
  2 worms
  3 dart slugs (D:1)
  6 leopard geckos
  15 orcs
  3 giant cockroaches
  10 goblins
  13 hobgoblins
  8 kobolds
  4 quokkas
  A ball python (D:4)
  9 bats
  4 frilled lizards
  A leopard gecko skeleton (D:5)
  A quokka skeleton (D:4)
  8 rats
131 creatures vanquished.

Vanquished Creatures (others)
  An adder (D:6)
  A white imp (D:6)
  8 plants (D:1)
10 creatures vanquished.

Grand Total: 141 creatures vanquished

Notes
Turn   | Place    | Note
-------+----------+-------------------------------------------
     0 | D:1      | dolemite99 the Demonspawn Berserker began the quest for the
                  | Orb.
     0 | D:1      | Reached XP level 1. HP: 18/18 MP: 1/1
   647 | D:1      | Gained mutation: You are partially covered in razor-sharp
                  | scales. (AC +1, Slay +1) [demonic ancestry]
   647 | D:1      | Reached XP level 2. HP: 24/24 MP: 2/2
   945 | D:1      | Reached ** piety under Trog
  1036 | D:1      | Gained mutation: You regenerate a little health from kills.
                  | [demonic ancestry]
  1036 | D:1      | Reached XP level 3. HP: 5/29 MP: 3/3
  2628 | D:2      | Gained mutation: You have a pair of small antennae on your
                  | head. [demonic ancestry]
  2628 | D:2      | Reached XP level 4. HP: 29/35 MP: 4/4
  2679 | D:2      | Noticed an ogre
  2688 | D:2      | Killed an ogre
  2689 | D:2      | Reached XP level 5. HP: 41/41 MP: 5/5
  3191 | D:2      | Found a bloodstained altar of Trog.
  3194 | D:2      | Found a hide-covered altar of Uskayaw.
  3197 | D:2      | Found a broken altar of Ashenzari.
  3809 | D:3      | Found a blossoming altar of Fedhas.
  4389 | D:3      | Found a snail-covered altar of Cheibriados.
  4572 | D:4      | Found Husen's Distillery.
  4577 | D:4      | Found Suafuad's General Store.
  4580 | D:4      | Bought a scroll of blinking for 75 gold pieces
  4580 | D:4      | Bought a scroll of identify for 20 gold pieces
  4580 | D:4      | Bought a potion of curing for 30 gold pieces
  4586 | D:4      | Bought a potion of curing for 42 gold pieces
  4711 | D:4      | Gained mutation: You sometimes gain a little power by
                  | taking damage. [demonic ancestry]
  4711 | D:4      | Reached XP level 6. HP: 44/47 MP: 6/6
  4749 | D:4      | Found Bujink's Weapon Shoppe.
  4787 | D:4      | Reached *** piety under Trog
  5232 | D:4      | Found a staircase to the Ecumenical Temple.
  5303 | D:4      | Reached skill level 5 in Throwing
  5868 | D:5      | Entered Level 5 of the Dungeon
  5983 | D:5      | Reached XP level 7. HP: 52/52 MP: 7/7
  7116 | D:6      | Noticed a two-headed ogre
  7133 | D:6      | Killed a two-headed ogre
  7134 | D:6      | Gained mutation: You are mostly covered in razor-sharp
                  | scales. (AC +2, Slay +2) [demonic ancestry]
  7134 | D:6      | Reached XP level 8. HP: 41/58 MP: 8/8
  8217 | D:7      | Found a flagged portal.
  8223 | Bailey   | Entered a bailey
  8224 | Bailey   | Upgraded the game from 0.26-a0-940-gf7e0b5f775 to
                  | 0.26-a0-949-ga0cc1ef5f6
  8417 | Bailey   | Reached **** piety under Trog
  8555 | Bailey   | Noticed an orc knight
  8555 | Bailey   | Noticed an orc knight
  8555 | Bailey   | Noticed an orc knight
  8555 | Bailey   | Noticed an orc knight
  8574 | Bailey   | Killed an orc knight
  8575 | Bailey   | Reached skill level 5 in Bows
  8575 | Bailey   | Gained mutation: You regenerate health from kills. [demonic
                  | ancestry]
  8575 | Bailey   | Reached XP level 9. HP: 63/63 MP: 9/9
  8592 | Bailey   | Killed an orc knight
  8890 | Bailey   | Killed an orc knight
  8916 | Bailey   | Identified the +9 fire dragon scales "Udofyo Enag" {Rampage
                  | rF++ rC- MR+ Dex-5}
  8929 | Bailey   | Killed an orc knight
  8939 | Bailey   | Mangled by an orc warrior

Illustrated notes

Levels and vault maps discovered:
D:1:      dpeg_cavernosity, layout_basic, serial_bayou_lagoon_b
D:2:      layout_basic, grunt_temple_overflow_diamond
D:3:      layout_rooms, general_overflow_altar, lemuel_doored_altar,
          minmay_strange_pillars, hangedman_decor_push
D:4:      layout_loops_cross, minmay_temple_entry_tees, serial_shops,
          kennysheep_mini, shop, shop
D:5:      layout_basic
D:6:      lemuel_upstairs_altar, layout_basic, kennysheep_cross_room
D:7:      cheibrodos_two_vegetables, layout_loops_ring, led_sif_pool,
          enter_bailey_3, serial_shops, nicolae_shop_behind_doors, uniq_harold,
          uniq_maggie, uniq_joseph
Bailey:   bailey_polearm_1, bailey

Skill      XL: |  1  2  3  4  5  6  7  8  9 |
---------------+----------------------------+-----
Axes           | 3 4 7 8 |  8.1
Throwing       | 2 4 5 |  5.9
Bows           | 5 8 |  8.3
Fighting       | |  3.0
Armour         | |  1.7
Dodging        | |  1.7

Action                   |  1- 3 |  4- 6 |  7- 9 || total
-------------------------+-------+-------+-------++-------
Melee: Hand axe          |   117 |   163 |    58 ||   338
 Fire: Longbow           |       |       |   110 ||   110
Throw: Dart              |    27 |    70 |    44 ||   141
       Stone             |       |       |     4 ||     4
Invok: Berserk           |     5 |     2 |     3 ||    10
       Trog's Hand       |       |       |     1 ||     1
  Use: Scroll            |       |    11 |     7 ||    18
       Potion            |       |       |     1 ||     1
 Stab: Sleeping          |     1 |       |       ||     1
Armor: Animal skin       |    22 |       |       ||    22
       Ring mail         |    18 |     2 |       ||    20
       Chain mail        |       |    67 |    52 ||   119
Dodge: Dodged            |    74 |    59 |    35 ||   168
Block: Buckler           |       |    13 |     3 ||    16

Table legend: (Time is in decaauts)
 A = Elapsed time spent in this place.
 B = Non-inter-level travel time spent in this place.
 C = Inter-level travel time spent in this place.
 D = Time resting spent in this place.
 E = Time spent auto-exploring this place.
 F = Levels seen in this place.
 G = Mean time per level.
                   A        B        C        D        E       F      G
               +--------+--------+--------+--------+--------+-----+--------+
         Total |   9096 |   8763 |    333 |   2405 |   4596 |   8 | 1137.0 |
       Dungeon |   8359 |   8026 |    333 |   2299 |   4269 |   7 | 1194.1 |
        Bailey |    737 |    737 |      0 |    106 |    327 |   1 |  737.0 |
               +--------+--------+--------+--------+--------+-----+--------+

Top non-repeatable levels by time:
     D:1: 2087 daAuts
     D:2: 1560 daAuts
     D:4: 1396 daAuts
     D:5: 1229 daAuts
     D:6: 934 daAuts
     D:3: 917 daAuts
  Bailey: 737 daAuts
     D:7: 234 daAuts
